Description

Fast Mutalisk + Banelings Drops in base to ground damage

Replay - Fast Bane Muta

Build Order

Get SALT Encoding   

  12  0:01  Drone  
  13  0:13  Overlord  
  13  0:15  Drone  
  14  0:32  Drone x2  
  16  0:48  Hatchery  
  15  0:51  Drone  
  15  0:55  Drone  
  17  1:00  Drone  
  18  1:10  Extractor  
  17  1:15  Spawning Pool  
  16  1:19  Drone  
  16  1:20  Drone  
  18  1:29  Drone  
  19  1:40  Overlord  
  22  2:03  Queen x2  
  26  2:15  Zergling x2  
  28  2:22  Overlord  
  28  2:23  Metabolic Boost  
  28  2:24  Drone x2  
  30  2:32  Drone x2  
  30  2:33  Baneling Nest  
  32  2:42  Queen x2  
  34  2:53  Overlord x2  
  34  2:55  Drone x2  
  36  3:05  Drone x4  
  40  3:20  Drone x5  
  45  3:21  Lair  
  45  3:22  Pneumatized Carapace  
  45  3:25  Evolution Chamber  
  44  3:27  Extractor x2  
  43  3:33  Extractor  
  42  3:35  Drone x4  
  50  4:02  Zerg Melee Weapons Level 1  
  58  4:21  Centrifical Hooks  
  58  4:22  Spire  
Spawning Tool Build Advisor. Get it on Overwolf

Go to:

Details

  • Created by: RXCAs
  • Published on: Jul 13, 2020
  • Modified on: Jul 13, 2020
  • Patch: 4.11.0
  • Difficulty: Medium
Show
View Real Time Build Order
Export as new Build Order

Comments (0)

There are no comments. Be the first!

Create an account to comment!